 Dungeon Crawl Stone Soup version 0.29.0-11-gd7f09526c8 (webtiles) character file.

Game seed: 5964466538890348006

1220 Monkooky the Magician (level 8, -8/58 HPs)
             Began as a Djinni Artificer on Sept 4, 2022.
             Was a Follower of Yredelemnul.
             Mangled by a sixfirhy (14 damage)
             ... summoned by a kobold demonologist
             ... on level 6 of the Dungeon.
             The game lasted 00:17:30 (7156 turns).

Monkooky the Magician (Djinni Artificer)            Turns: 7156, Time: 00:17:31

Health: -8/58      AC:  3    Str: 11    XL:     8   Next: 75%
Gold:   97         EV: 12    Int: 15    God:    Yredelemnul [*.....] SH:  0 Dex: 14

rFire   + + .      SeeInvis .   u - +5 dagger (vamp)
rCold   x . .      Faith    .   (no shield)
rNeg    . . .      Spirit   .   t - +0 animal skin
rPois   ∞          Reflect  .   s - +0 helmet
rElec   .          Harm     .   (no cloak)
rCorr   .          Rampage  .   (no gloves)
Will    .....                   (boots unavailable)
Stlth   ++........              (no amulet)
HPRegen 0.19/turn               (no ring)
MPRegen 0.00/turn               (no ring)

@: weak-willed, flying
A: sickness immunity, fire resistance 2, cold vulnerability 1, float, innate
caster, HP casting, extra vitality 1
a: Renounce Religion, Recall Undead Harvest


You were on level 6 of the Dungeon.
You worshipped Yredelemnul.
Yredelemnul was noncommittal.
You visited 1 branch of the dungeon, and saw 6 of its levels.

You collected 198 gold pieces.
You spent 101 gold pieces at shops.

Inventory:

Hand Weapons
 a - a +0 club
 m - a +0 dagger
 o - a +2 whip of electrocution
 u - a +5 vampiric dagger (weapon)
Missiles
 j - 2 throwing nets
 l - 3 poisoned darts
Armour
 b - a +0 leather armour
 p - a +1 plate armour of fire resistance
 s - a +0 helmet (worn)
 t - a +0 animal skin (worn)
Jewellery
 q - a ring of fire
 A - an amulet of faith
 F - a ring of fire
Wands
 d - a wand of charming (14)
 e - a wand of iceblast (4)
 n - a wand of paralysis (10)
 D - a wand of flame (5)
Scrolls
 f - 2 scrolls of immolation {unknown}
 h - a scroll of blinking
 i - a scroll of vulnerability
 r - 2 scrolls of magic mapping {unknown}
 w - a scroll of amnesia
 x - a scroll of enchant armour
 y - 2 scrolls of teleportation {unknown}
Potions
 c - 2 potions of attraction {unknown}
 g - a potion of might {unknown}
 k - a potion of lignification {unknown}
 v - a potion of invisibility {unknown}
 z - a potion of mutation {unknown}
 C - a potion of degeneration {unknown}
 E - a potion of curing
 G - a potion of haste {unknown}


   Skills:
 - Level 3.8 Fighting
 - Level 1.0 Armour
 - Level 2.1 Dodging
 - Level 0.7 Stealth
 - Level 6.7 Spellcasting
 + Level 1.5 Invocations
 - Level 3.0 Evocations


You had 14 spell levels left.
You knew the following spells:

 Your Spells              Type           Power      Damage    Failure   Level
a - Freeze                Ice            100%       1d11      1%          1
b - Searing Ray           Conj           50%        2d6       1%          2
c - Conjure Flame         Conj/Fire      25%        6-21      2%          3
Your spell library was empty.

Dungeon Overview and Level Annotations

Branches:
Dungeon (6/15)
 Temple: D:4-7

Altars:
Ashenzari
Cheibriados
Xom
Yredelemnul

Shops:
D:3 *   D:4 :

Annotations:
D:2 1 runed translucent door, Crazy Yiuf


Innate Abilities, Weirdness & Mutations

You are immune to sickness and miasma.
You are immune to poison.
Your flesh is very heat resistant. (rF++)
You are vulnerable to cold. (rC-)
You float through the air rather than walking.
You learn spells naturally, not from books.
Your magical power is your life essence.
You have superior vitality. (+4 MHP)


Message History

(Press . to maintain the ray.)
* * * LOW HITPOINT WARNING * * *
The sixfirhy closely misses you.
The kobold hits your kobold zombie with a +0 short sword.
The chaos spawn gores your kobold zombie!
Your kobold zombie is destroyed!
Unknown command.
As you read the scroll of summoning, it crumbles to dust.
Wisps of shadow whirl around you...
The kobold throws a stone.
The stone hits your white imp. The chaos spawn gores your wight.
Your wight is destroyed!
Your wight disappears in a puff of smoke!
You swap places.
Something hits your white imp.
Your steam dragon barely misses the sixfirhy.
Your steam dragon completely misses the sixfirhy.
Your white imp misses the sixfirhy.
The chaos spawn gores your gnoll zombie!
Your gnoll zombie is engulfed in flames!
Your gnoll zombie is destroyed!
The sixfirhy hits your steam dragon! The sixfirhy shocks your steam dragon!
The sixfirhy hits your steam dragon but does no damage.
The sixfirhy hits your steam dragon. The sixfirhy shocks your steam dragon!
Something barely misses your white imp. The sixfirhy hits your steam dragon!
Your steam dragon dies!
Your steam dragon's corpse dissolves into shadows!
Your white imp hits the sixfirhy.
Your white imp freezes the sixfirhy.
The chaos spawn gores your iguana zombie.
The chaos spawn freezes your iguana zombie.
Your iguana zombie resists.
Okay, then.
Aiming: Paralyse
Press: ? - help, Shift-Dir - straight line, f/p - chaos spawn
Aim: a chaos spawn (heavily wounded, summoned, ally target, chance to affect: 23%)
Okay, then.
Okay, then.
Really read the scroll of vulnerability?
As you read the scroll of vulnerability, it crumbles to dust.
Magic quickly surges around you. The sixfirhy hits you!
You die...
Your body rises from the dead as a mindless zombie.

...Z...........Z#
...#..........Z#######
.....................#
.#####.##.##.#.#######
..... .##.##.#.Z.Z.#
.#### .# ###.#####Z#
.# .. 5K....##.# .#
#..#####5##.##.# .#
#..53K4ZZ.)3@..# ..
..######....####
..........#
.####.#...# #)#...#
###...# ....# ##..##
....


You could see a kobold demonologist (weak-willed), a sixfirhy (summoned,
weak-willed, ally target), a chaos spawn (summoned, weak-willed, ally target), a
friendly white imp (summoned, weak-willed), a friendly iguana zombie
(weak-willed) and a friendly orc wizard zombie (weak-willed).

Vanquished Creatures
  2 phantoms
  3 necrophages
  A scorpion (D:6)
  3 hounds
  2 jellies (D:4)
  An orc priest (D:4)
  A gnoll bouda (D:4)
  Terence (D:2)
  5 iguanas
  4 orc wizards
  Robin (D:2)
  14 gnolls
  10 adders
  2 dart slugs
  12 orcs
  5 endoplasms
  3 giant cockroaches
  7 goblins
  6 hobgoblins
  3 jackals (D:5)
  6 quokkas
  4 ball pythons
  3 bats
  An endoplasm zombie (D:3)
  2 frilled lizards (D:2)
  A hobgoblin zombie (D:3)
  8 kobolds
  An orc zombie (D:3)
  6 rats
118 creatures vanquished.

Vanquished Creatures (collateral kills)
  A gnoll (D:4)
  An adder (D:5)
  A ball python (D:1)
  A bat (D:2)
  2 endoplasms
  2 hobgoblins
  A quokka (D:2)
  A gnoll zombie (D:4)
  7 goblins
  2 rats (D:2)
19 creatures vanquished.

Vanquished Creatures (others)
  Jessica (D:2)
  A jelly zombie (D:4)
  2 adder zombies
  3 bat zombies
  2 ball python zombies (D:2)
  An endoplasm zombie (D:4)
  2 frilled lizard zombies (D:2)
  A giant cockroach zombie (D:2)
  4 gnoll zombies
  8 goblin zombies
  A hobgoblin zombie (D:4)
  A human zombie (D:2)
  2 kobold zombies
  3 orc zombies
  3 quokka zombies
  4 rat zombies
  2 withered plants (D:3)
41 creatures vanquished.

Grand Total: 178 creatures vanquished

Notes
Turn   | Place    | Note
-------+----------+-------------------------------------------
     0 | D:1      | Monkooky the Djinni Artificer began the quest for the Orb.
     0 | D:1      | Reached XP level 1. HP: 17/17 MP: 0/0
   238 | D:1      | Reached XP level 2. HP: 12/23 MP: 0/0
   738 | D:1      | Found a faded altar of an unknown god.
   744 | D:1      | Prayed at the altar of an unknown god.
   744 | D:1      | Became a worshipper of Yredelemnul the Dark
   744 | D:1      | Reached * piety under Yredelemnul
  1077 | D:2      | Reached XP level 3. HP: 21/29 MP: 0/0
  1077 | D:2      | Learned a level 1 spell: Freeze
  1165 | D:2      | Noticed Terence
  1182 | D:2      | Killed Terence
  1199 | D:2      | Reached XP level 4. HP: 5/35 MP: 0/0
  2152 | D:2      | Noticed Robin
  2176 | D:2      | Reached skill level 1 in Spellcasting
  2177 | D:2      | Reached ** piety under Yredelemnul
  2220 | D:2      | Reached XP level 5. HP: 16/41 MP: 0/0
  2220 | D:2      | Learned a level 2 spell: Searing Ray
  2248 | D:2      | Killed Robin
  2830 | D:2      | Found a runed translucent door.
  2831 | D:2      | Noticed Crazy Yiuf
  2955 | D:3      | Noticed Jessica
  2971 | D:2      | Your ally Jessica died
  2977 | D:2      | Your ally Jessica died
  3263 | D:3      | Reached skill level 2 in Spellcasting
  3321 | D:3      | Found a basalt altar of Yredelemnul.
  3591 | D:3      | Reached XP level 6. HP: 23/47 MP: 0/0
  3830 | D:3      | Reached skill level 3 in Spellcasting
  3907 | D:3      | Found Qoco's Assorted Antiques.
  3913 | D:3      | Bought a fuming red potion for 23 gold pieces
  3913 | D:3      | Bought a scroll labelled TOIGGI AWUASOJ for 26 gold pieces
  3913 | D:3      | Bought 2 scrolls labelled JIJIGR CUICVUPT for 52 gold
                  | pieces
  4406 | D:3      | Reached skill level 4 in Spellcasting
  4406 | D:3      | Reached XP level 7. HP: 22/51 MP: 0/0
  4406 | D:3      | Learned a level 3 spell: Conjure Flame
  4591 | D:4      | HP: 2/51 [orc priest/divine providence (17)]
  5745 | D:4      | Reached skill level 5 in Spellcasting
  5838 | D:4      | Reached XP level 8. HP: 32/58 MP: 0/0
  6049 | D:4      | Found Sehavop's Vocational Training.
  6213 | D:4      | Found a shimmering altar of Xom.
  6216 | D:4      | Found a snail-covered altar of Cheibriados.
  6219 | D:4      | Found a broken altar of Ashenzari.
  6254 | D:4      | You are sucked into a shaft and drop 2 floors!
  6263 | D:5      | Entered Level 5 of the Dungeon
  6404 | D:5      | Reached skill level 6 in Spellcasting
  6901 | D:6      | Reached skill level 1 in Invocations
  7138 | D:6      | Noticed a kobold demonologist
  7139 | D:6      | Noticed a sun demon
  7150 | D:6      | Noticed a sixfirhy
  7156 | D:6      | Mangled by a sixfirhy

Illustrated notes

Levels and vault maps discovered:
D:1:      evilmike_arrival_plus, layout_basic,
          dreamdust_ecumenical_altar_angels_and_demons
D:2:      layout_loops_ring, uniq_robin, uniq_terence, uniq_crazy_yiuf_cottage
D:3:      layout_rooms, yredelemnul_altar_generic, serial_shops,
          nicolae_shop_hallway_plus, uniq_jessica
D:4:      layout_loops_ring, grunt_temple_overflow_diamond, serial_glass,
          glass_columns_a, glass_columns_c, glass_columns_c, glass_columns_c,
          nicolae_shop_vocational
D:5:      layout_loops_ring, lemuel_crystal_altar
D:6:      layout_basic, hangedman_minor_gate_pass

Skill      XL: |  1  2  3  4  5  6  7  8 |
---------------+-------------------------+-----
Fighting       | 2 3 |  3.8
Spellcasting   | 1 2 4 5 6 |  6.7
Invocations    | 1 |  1.5
Armour         | |  1.0
Dodging        | |  2.1
Stealth        | |  0.7
Evocations     | |  3.0

Action                   |  1- 3 |  4- 6 |  7- 9 || total
-------------------------+-------+-------+-------++-------
Melee: Club              |    34 |       |       ||    34
       Dagger            |    25 |   179 |    33 ||   237
       Punch             |       |     4 |     1 ||     5
 Cast: Freeze            |       |    33 |     9 ||    42
       Searing Ray       |       |     2 |    33 ||    35
       Conjure Flame     |       |       |     5 ||     5
Invok: Recall Undead Har |       |     1 |       ||     1
       Dark Bargain      |       |       |     1 ||     1
Evoke: Wand              |    14 |     3 |       ||    17
  Use: Potion            |       |       |     1 ||     1
       Scroll            |       |       |    11 ||    11
 Stab: Sleeping          |     1 |     2 |     1 ||     4
Armor: Leather armour    |    22 |    22 |       ||    44
       Plate armour      |       |    28 |       ||    28
       Animal skin       |       |    35 |    12 ||    47
Dodge: Dodged            |    46 |   121 |    68 ||   235
